 Dungeon Crawl Stone Soup version 0.31-a0-1068-g5939ac1fb6 (webtiles) character file.

Game seed: 13368926931667928455

107 graki42 the Conjurer (level 4, -5/24 HPs)
             Began as a Deep Elf Conjurer on Nov 23, 2023.
             Slain by Grinder (6 damage)
             ... on level 3 of the Dungeon.
             The game lasted 00:06:07 (2190 turns).

graki42 the Conjurer (Deep Elf Conjurer)            Turns: 2190, Time: 00:06:09

Health: -5/24      AC:  4    Str:  6    XL:     4   Next: 56%
Magic:  5/12       EV: 12    Int: 23    God:
Gold:   141        SH:  0    Dex: 13    Spells: 9/12 levels left

rFire   . . .        (no weapon)
rCold   . . .        (no shield)
rNeg    . . .        a - +0 robe
rPois   .            c - +0 helmet
rElec   .            (no cloak)
rCorr   .            (no gloves)
SInv    .            i - +0 pair of boots
Will    .....        (no amulet)
Stlth   ++           (no ring)
HPRegen 0.24/turn    (no ring)
MPRegen 0.13/turn

%: no passive effects
@: no status effects
A: no striking features
a: no special abilities


You were on level 3 of the Dungeon.
You visited 1 branch of the dungeon, and saw 3 of its levels.

You collected 141 gold pieces.

Inventory:

Armour
 a - a +0 robe (worn)
 c - a +0 helmet (worn)
 i - a +0 pair of boots (worn)
Scrolls
 g - a scroll of vulnerability {unknown}
 j - 2 scrolls of immolation
Potions
 b - a potion of magic
 d - 3 potions of might
 e - 2 potions of haste
 f - a potion of enlightenment
 h - a potion of lignification
 k - a potion of brilliance


   Skills:
 - Level 3.0 Dodging
 - Level 3.0 Stealth
 + Level 4.7 Spellcasting
 + Level 5.4 Conjurations


You had 9 spell levels left.
You knew the following spells:

 Your Spells              Type           Power      Damage    Failure   Level
a - Magic Dart            Conj           100%       1d8       1%          1
b - Searing Ray           Conj           60%        2d6       1%          2

Your spell library contained the following spells:

 Spells                   Type           Power      Damage    Failure   Level
 Dazzling Flash           Conj/Hex       34%        N/A       10%         3
 Fulminant Prism          Conj/Hex       8%         3d7       32%         4
 Iskenderun's Mystic Bla  Conj/Tloc      17%        2d5       32%         4


Dungeon Overview and Level Annotations

Branches:
Dungeon (3/15)

Altars:
Hepliaklqana

Annotations:
D:3 Grinder


Message History

You now have 141 gold pieces (gained 3).
Things that are here:
a +4 dagger; a goblin corpse
Found 6 stones.
Grinder comes into view.
Casting: Magic Dart (safe; 1% risk of failure)
Confirm with . or Enter, or press ? or * to list all spells.
Aiming: Searing Ray (safe; 1% risk of failure)
Press: ? - help, Shift-Dir - straight line, f - Grinder
Aim: Grinder (asleep, 100% to hit)
The searing ray hits Grinder but does no damage. (Press . to maintain the ray.) Unknown command.
The searing ray hits Grinder!
Grinder is lightly wounded.
Grinder gestures at you.
You suddenly lose the ability to move!
Grinder hits you.
You can move again.
Casting: Searing Ray (safe; 1% risk of failure)
Confirm with . or Enter, or press ? or * to list all spells.
Aiming: Searing Ray (safe; 1% risk of failure)
Press: ? - help, Shift-Dir - straight line, f/p - Grinder
Aim: Grinder (lightly wounded, 77% to hit)
The searing ray hits Grinder!
Grinder is moderately wounded. (Press . to maintain the ray.) Grinder hits you.
You writhe in agony.
The searing ray hits Grinder.
Grinder is moderately wounded.
Grinder gestures at you. Pain shoots through your body!
* * * LOW HITPOINT WARNING * * *
The searing ray hits Grinder!
Grinder is heavily wounded.
Grinder hits you.
* * * LOW HITPOINT WARNING * * *
You writhe in agony.
You die...
Grinder says, "Now the real fun starts!"

########
#########.....(#
# #.@.......# #
#5######).# ###
# #.
####..##...# #
#. #........#
#########
#.###.##..######
........#
#..............#
#######.#
#.###.#..#######
# #.# #........#
# #.# #.###...##


You could see Grinder.

Vanquished Creatures
  Jessica (D:3)
  2 adders (D:2)
  A worm (D:2)
  A dart slug (D:1)
  5 orcs (D:2)
  4 ball pythons
  An endoplasm (D:1)
  A giant cockroach (D:1)
  5 goblins
  7 hobgoblins
  3 jackals (D:2)
  3 kobolds
  3 quokkas
  4 bats
  3 frilled lizards
  6 rats
50 creatures vanquished.

Notes
Turn   | Place    | Note
-------+----------+-------------------------------------------
     0 | D:1      | graki42 the Deep Elf Conjurer began the quest for the Orb.
     0 | D:1      | Reached XP level 1. HP: 10/10 MP: 6/6
   158 | D:1      | Reached XP level 2. HP: 10/15 MP: 0/8
   161 | D:1      | Learned a level 2 spell: Searing Ray
   815 | D:2      | Reached XP level 3. HP: 19/19 MP: 0/10
  1043 | D:2      | Found a faded altar of an unknown god.
  1100 | D:2      | Reached skill level 5 in Conjurations
  1414 | D:2      | Reached XP level 4. HP: 24/24 MP: 3/12
  1718 | D:2      | Found a hazy altar of Hepliaklqana.
  2080 | D:3      | Noticed Jessica
  2083 | D:3      | Killed Jessica
  2184 | D:3      | Noticed Grinder
  2186 | D:3      | Paralysed by Grinder for 2 turns
  2190 | D:3      | HP: 1/24 [Grinder (6)]
  2190 | D:3      | Slain by Grinder

Illustrated notes

Levels and vault maps discovered:
D:1:      eino_arrival_cavern_a, layout_rooms, minmay_statues_item
D:2:      layout_basic, shapermc_ecumenical_altar_mp_ritualfount, basic_altar,
          serial_bayou_crossing
D:3:      layout_loops_corners, kennysheep_generic_room_6, uniq_grinder,
          uniq_jessica

Skill      XL: |  1  2  3 |
---------------+----------+-----
Stealth        | 3 |  3.0
Dodging        | 3 |  3.0
Spellcasting   | 4 |  4.7
Conjurations   | 5 |  5.4

Action                     |  1- 3 |  4- 6 || total
---------------------------+-------+-------++-------
   Cast: Magic Dart        |    48 |    20 ||    68
         Searing Ray       |     5 |     3 ||     8
    Use: Scroll            |     4 |     3 ||     7
 Armour: Robe              |     6 |     3 ||     9
  Dodge: Dodged            |     5 |       ||     5

Table legend: (Time is in decaauts)
 A = Elapsed time spent in this place.
 B = Non-inter-level travel time spent in this place.
 C = Inter-level travel time spent in this place.
 D = Time resting spent in this place.
 E = Time spent auto-exploring this place.
 F = Levels seen in this place.
 G = Mean time per level.
                   A        B        C        D        E       F      G
               +--------+--------+--------+--------+--------+-----+--------+
         Total |   2203 |   2182 |     21 |     92 |   1858 |   3 |  734.3 |
       Dungeon |   2203 |   2182 |     21 |     92 |   1858 |   3 |  734.3 |
               +--------+--------+--------+--------+--------+-----+--------+

Top non-repeatable levels by time:
     D:2: 1194 daAuts
     D:1: 794 daAuts
     D:3: 214 daAuts
